 Dungeon Crawl Stone Soup version 0.26-a0-812-g31a745ddcd (webtiles) character file.

Game seed: 14729289425464318269

49 kae the Insei (level 3, 0/20 HPs)
             Began as a Tengu Transmuter on Nov 16, 2020.
             Slain by an adder (3 damage)
             ... on level 2 of the Dungeon.
             The game lasted 00:01:02 (1850 turns).

kae the Insei (Tengu Transmuter)                    Turns: 1850, Time: 00:01:03

Health: 0/20       AC:  2    Str: 11    XL:     3   Next: 77%
Magic:  6/7        EV: 12    Int: 13    God:
Gold:   129        SH:  0    Dex: 14    Spells: 2/6 levels left

rFire    . . .     SeeInvis .     - Unarmed
rCold    . . .     Faith    .   (no shield)
rNeg     . . .     Spirit   .   a - +0 robe
rPois    .         Reflect  .   (helmet restricted)
rElec    .         Harm     .   (no cloak)
rCorr    .         Rampage  .   (no gloves)
MR       .....                  (boots unavailable)
Stlth    +.........             (no amulet)
HPRegen  0.06/turn              d - ring of flight
MPRegen  0.10/turn              (no ring)

@: lethally poisoned (0 -> -7)
A: beak, talons 3
a: Evoke Flight


You were on level 2 of the Dungeon.
You visited 1 branch of the dungeon, and saw 2 of its levels.

You collected 129 gold pieces.

Inventory:

Armour
 a - a +0 robe (worn)
Jewellery
 d - a ring of flight (left hand)
 i - an uncursed ring of wizardry {unknown}
 k - an uncursed ring of poison resistance {unknown}
Scrolls
 b - 3 scrolls of amnesia {unknown}
 c - 3 scrolls of teleportation {unknown}
 e - 3 scrolls of identify {unknown}
 f - a scroll of magic mapping {unknown}
 h - a scroll of fear {unknown}
 n - a scroll of enchant armour {unknown}
Potions
 j - 3 potions of curing {unknown}
 l - a potion of haste
 m - a potion of brilliance {unknown}


   Skills:
 - Level 1.0 Fighting
 - Level 2.1 Dodging
 + Level 3.9 Unarmed Combat
 - Level 2.0 Spellcasting
 * Level 2.8 Transmutations


You had 2 spell levels left.
You knew the following spells:

 Your Spells              Type           Power        Failure   Level
a - Beastly Appendage     Tmut           #.....       8%          1
b - Spider Form           Tmut/Pois      #.........   38%         3

Your spell library contained the following spells:

 Spells                   Type           Power        Failure   Level
 Wereblood                Tmut           #.......     12%         2
 Ice Form                 Ice/Tmut       #.......     80%         4
 Blade Hands              Tmut           #.........   91%         5


Dungeon Overview and Level Annotations

Branches:
Dungeon (2/15)

Altars:


Innate Abilities, Weirdness & Mutations

You have a beak for a mouth.
You have claws for feet.


Message History

Your headbutt misses the adder. Your peck misses the adder.
The adder is severely wounded.
The adder closely misses you.
You hit the adder but do no damage. Your kick misses the adder.
Your punch misses the adder.
The adder is severely wounded.
You feel sick. The adder bites you.
* * * LOW HITPOINT WARNING * * *
You are lethally poisoned!
The adder poisons you! The adder closely misses you.
You closely miss the adder.
The adder is severely wounded.
The adder bites you but does no damage.
It was a potion of cancellation.
Your magical effects are unravelling.
You feel magically purged.
Your horns disappear.
* * * LOW HITPOINT WARNING * * *
You feel sick. The adder bites you.
You die...

.......................##....##..
..............##.##..#######..###
.............###....## ##....
#...........## #..### ##...
######.###### #### ###. #.
####### #. #######...... #.
##########.......#####
#...S@.....####### #####
#..########## #### ....#
########... ....# #........##
.)..# ###.########
....#################...#
....#................)###
......###########################
...................[.............


You could see an adder.

Vanquished Creatures
  2 dart slugs (D:1)
  A leopard gecko (D:1)
  4 bats
  4 giant cockroaches
  6 goblins
  7 hobgoblins (D:1)
  5 kobolds
  2 quokkas (D:2)
  2 ball pythons (D:1)
  6 frilled lizards (D:1)
  3 rats (D:1)
42 creatures vanquished.

Notes
Turn   | Place    | Note
-------+----------+-------------------------------------------
     0 | D:1      | kae the Tengu Transmuter began the quest for the Orb.
     0 | D:1      | Reached XP level 1. HP: 12/12 MP: 4/4
   145 | D:1      | Reached XP level 2. HP: 16/16 MP: 4/6
   534 | D:1      | Reached XP level 3. HP: 19/20 MP: 5/7
  1673 | D:2      | Learned a level 3 spell: Spider Form
  1850 | D:2      | Slain by an adder

Illustrated notes

Levels and vault maps discovered:
D:1:      wander_arrival_lonely_grave, layout_loops_corners, st_stairs_3,
          ebering_dispersal_statue_hall, minmay_tetromino_s4
D:2:      layout_rooms, minmay_cupped

Skill      XL: |  1 |
---------------+----+-----
Transmutations | 2 |  2.8
Fighting       | |  1.0
Dodging        | |  2.1
Unarmed Combat | |  3.9
Spellcasting   | |  2.0

Action                   || total
-------------------------++-------
Melee: Unarmed           ||   105
       Kick              ||    16
       Headbutt          ||    11
       Peck              ||     8
       Punch             ||     2
 Cast: Beastly Appendage ||    19
  Use: Potion            ||     3
Armor: Robe              ||    19
Dodge: Dodged            ||    70

Table legend: (Time is in decaauts)
 A = Elapsed time spent in this place.
 B = Non-inter-level travel time spent in this place.
 C = Inter-level travel time spent in this place.
 D = Time resting spent in this place.
 E = Time spent auto-exploring this place.
 F = Levels seen in this place.
 G = Mean time per level.
                   A        B        C        D        E       F      G
               +--------+--------+--------+--------+--------+-----+--------+
         Total |   1823 |   1807 |     16 |      2 |   1537 |   2 |  911.5 |
       Dungeon |   1823 |   1807 |     16 |      2 |   1537 |   2 |  911.5 |
               +--------+--------+--------+--------+--------+-----+--------+

Top non-repeatable levels by time:
     D:1: 1173 daAuts
     D:2: 650 daAuts
